 Dungeon Crawl Stone Soup version 0.23-a0-767-gdc19b93d68 (webtiles) character file.

275768 Morbidden the Warrior (level 19, -6/170 HPs)
             Began as a Demonspawn Gladiator on Jan 19, 2019.
             Was the Champion of Cheibriados.
             Killed by divine providence
             ... invoked by a smoke demon
             ... summoned by a deep elf demonologist
              (11 damage)
             ... on level 3 of the Elven Halls on Jan 20, 2019.
             The game lasted 02:16:02 (30654 turns).

Morbidden the Warrior (Demonspawn Gladiator)       Turns: 30654, Time: 02:16:03

Health: -6/170     AC: 20    Str: 29    XL:     19   Next: 94%
Magic:  0/41       EV: 27    Int: 27    God:    Cheibriados [******]
Gold:   3686       SH: 22    Dex: 42    Spells: 45/45 levels left

rFire    + + .     SeeInvis .   B - +8 arc blade {discharge, rElec}
rCold    . . .     Gourm    .   e - +5 shield {rF+}
rNeg     + . .     Faith    .   C - +4 moon troll leather armour {Spirit, Regen++ MP+5}
rPois    +         Spirit   +   a - +2 hat {MR+}
rElec    +         Reflect  .   E - +0 cloak "Lieklia" {rPois MR+++ Regen+ Dex-2}
rCorr    .         Harm     .   I - +3 pair of gauntlets of War {Slay+5}
MR       +++++                  (boots unavailable)
Stlth    ++++++....             h - amulet of the Raven {Spirit rPois MR+ Dex+6}
HPRegen  1.58/turn              i - ring of the Griffon {rElec Str-3 Dex+5 Slay+5}
MPRegen  0.27/turn              V - +4 ring of slaying

@: about to teleport, very slightly contaminated, studying 2 skills, drained,
invisible, very slow
A: hooves 3, rugged brown scales 3, blurry vision 1, demonic guardian 3, fire
resistance 1, negative energy resistance 1, 50% torment resistance
}: 1/15 runes: gossamer
a: Bend Time, Temporal Distortion, Slouch, Step From Time, Renounce Religion


You were on level 3 of the Elven Halls.
You worshipped Cheibriados.
Cheibriados was exalted by your worship.
You were near starving.

You visited 6 branches of the dungeon, and saw 31 of its levels.
You visited the Abyss 1 time.
You visited 1 bazaar.
You also visited: Ossuary, Gauntlet, Ice Cave, Volcano and Wizlab.

You collected 4006 gold pieces.
You spent 320 gold pieces at shops.

Inventory:

Hand Weapons
 B - the +8 arc blade (weapon) {discharge, rElec}
   (You found it on level 14 of the Dungeon)

   It insulates you from electricity.
 F - the +9 staff of Wucad Mu {channel}
   (You found it in a wizard's laboratory)
Missiles
 d - 4 throwing nets (quivered)
 K - 13 silver javelins
Armour
 a - a +2 hat of magic resistance (worn)
 e - a +5 shield of fire resistance (worn)
 C - the +4 moon troll leather armour (worn) {Spirit, Regen++ MP+5}
   (You found it on level 8 of the Dungeon)

   It affects your magic capacity (+5).
   It increases your rate of regeneration.
 E - the +0 cloak "Lieklia" (worn) {rPois MR+++ Regen+ Dex-2}
   (You found it on level 14 of the Dungeon)

   It affects your dexterity (-2).
   It protects you from poison.
   It affects your resistance to hostile enchantments.
   It increases your rate of regeneration.
 I - the +3 pair of gauntlets of War (worn) {Slay+5}
   (You found it on level 3 of the Elven Halls)

   It affects your accuracy and damage with ranged weapons and melee attacks
   (+5).
 X - a scarf of resistance
Jewellery
 b - the ring of Shadows {Umbra +Inv Stlth+}
   (You took it off a centaur warrior on level 14 of the Dungeon)

   [ring of stealth]

   It lets you turn invisible.
   It makes you more stealthy.
 h - the amulet of the Raven (around neck) {Spirit rPois MR+ Dex+6}
   (You found it in a Gauntlet)

   [amulet of guardian spirit]

   It causes incoming damage to be split between your health and magic.
   It affects your dexterity (+6).
   It protects you from poison.
   It affects your resistance to hostile enchantments.
 i - the ring of the Griffon (left hand) {rElec Str-3 Dex+5 Slay+5}
   (You took it off a deep elf mage on level 3 of the Elven Halls)

   [ring of dexterity]

   It affects your strength (-3).
   It affects your dexterity (+5).
   It affects your accuracy and damage with ranged weapons and melee attacks
   (+5).
   It insulates you from electricity.
 q - an uncursed ring of see invisible
 A - the ring "Liodghor" {+Fly rElec rF+ EV+3}
   (You found it on level 3 of the Elven Halls)

   [ring of evasion]

   It affects your evasion (+3).
   It protects you from fire.
   It insulates you from electricity.
   It lets you fly.
 J - a +5 ring of slaying
 P - an uncursed ring of protection from cold
 V - a +4 ring of slaying (right hand)
Wands
 k - a wand of digging (9)
 n - a wand of acid (13)
 T - a wand of paralysis (10)
 U - a wand of iceblast (17)
 W - a wand of clouds (14)
Scrolls
 g - 4 scrolls of identify
 l - 16 scrolls of remove curse
 m - 5 scrolls of fog
 p - 13 scrolls of teleportation
 v - 2 scrolls of magic mapping
 w - 4 scrolls of fear
 y - 2 scrolls of enchant weapon
 H - 5 scrolls of amnesia
 M - 7 scrolls of blinking
 N - 5 scrolls of enchant armour
 R - a scroll of silence
 Z - a scroll of brand weapon
Potions
 r - 5 potions of ambrosia
 s - 16 potions of curing
 t - 2 potions of mutation
 u - 4 potions of flight
 x - 4 potions of agility
 z - 2 potions of might
 D - 7 potions of lignification
 G - 6 potions of resistance
 L - 7 potions of brilliance
 O - 5 potions of heal wounds
 Q - 2 potions of magic
Books
 j - a manual of Spellcasting
 S - a manual of Armour
Miscellaneous
 c - a lamp of fire
 Y - a phial of floods (inert)
Comestibles
 f - 45 rations


   Skills:
 + Level 16.5(16.3) Fighting
 - Level 13.7(13.8) Short Blades
   Level 4.8(10.1) Long Blades
 + Level 1.9(1.8) Throwing
 + Level 9.4(9.3) Armour
 + Level 11.5(11.3) Dodging
 + Level 10.5(10.4) Stealth
 * Level 12.8(12.6) Shields
 * Level 13.6(13.5) Spellcasting
 - Level 13.1(12.9) Invocations
 + Level 3.0(2.9) Evocations


You had 45 spell levels left.
You didn't know any spells.
Your spell library contained the following spells:

 Spells                   Type           Power        Failure   Level  Hunger
 Beastly Appendage        Tmut           ###...       4%          1    None
 Freeze                   Ice            ###.         4%          1    None
 Sticks to Snakes         Tmut           ###.....     7%          2    None
 Sublimation of Blood     Necr           ###.......   7%          2    None
 Throw Frost              Conj/Ice       ###...       7%          2    None
 Ignite Poison            Fire/Tmut/Pois ###.....     13%         3    None
 Ozocubu's Armour         Chrm/Ice       ###.....     13%         3    None
 Recall                   Summ/Tloc      N/A          13%         3    None
 Spider Form              Tmut/Pois      ###.......   13%         3    None
 Animate Dead             Necr           N/A          41%         4    None
 Cause Fear               Hex            ###.......   41%         4    None
 Ice Form                 Ice/Tmut       ###.....     41%         4    None
 Leda's Liquefaction      Hex/Erth       ###.......   41%         4    None
 Petrify                  Tmut/Erth      ###.....     41%         4    None
 Summon Ice Beast         Ice/Summ       ###.....     41%         4    None
 Throw Icicle             Conj/Ice       ###.....     41%         4    None
 Alistair's Intoxication  Tmut/Pois      ###.....     77%         5    ##.....
 Blade Hands              Tmut           ###.......   77%         5    ##.....
 Bolt of Magma            Conj/Fire/Erth ###.......   77%         5    ##.....
 Borgnjor's Vile Clutch   Necr/Erth      ###.......   77%         5    ##.....
 Irradiate                Conj/Tmut      ###.......   77%         5    ##.....
 Silence                  Hex/Air        ###.......   77%         5    ##.....
 Yara's Violent Unravell  Hex/Tmut       ###.......   77%         5    ##.....
 Death Channel            Necr           ###.......   100%        6    ####...
 Deflect Missiles         Chrm/Air       ###.......   100%        6    ####...
 Iron Shot                Conj/Erth      ###.......   100%        6    ####...
 Simulacrum               Ice/Necr       ###.......   100%        6    ####...
 Statue Form              Tmut/Erth      ###......    100%        6    ####...
 Discord                  Hex            ###.......   100%        8    #######
 Shatter                  Erth           ###.......   100%        9    #######


Dungeon Overview and Level Annotations

Branches:
Dungeon (15/15)            Temple (1/1) D:6            Lair (6/6) D:11
 Shoals (0/4) Lair:3       Spider (4/4) Lair:2        Slime (0/5) Lair:6
    Orc (2/2) D:12            Elf (3/3) Orc:2        Vaults (0/5) D:13
 Depths (0/5) D:15

Altars:
Ashenzari
Cheibriados
Dithmenos
Elyvilon
Fedhas
Gozag
Hepliaklqana
Kikubaaqudgha
Makhleb
Nemelex Xobeh
Okawaru
Qazlal
Ru
Sif Muna
Trog
Uskayaw
Vehumet
Wu Jian
Xom
Yredelemnul
Zin
The Shining One
Beogh
Jiyva

Shops:
D:6 *   D:10 (   D:12 !   Orc:1 =   Orc:2 (:([}   Elf:3 }

Annotations:
Lair:6 1 runed door
Elf:2 1 runed door


Innate Abilities, Weirdness & Mutations

You have hooves in place of feet.
You are completely covered in rugged brown scales. (AC +3, +7% HP)
A powerful demonic guardian rushes to your aid.
Your flesh is heat resistant. (rF+)
You resist negative energy. (rN+)
You are somewhat able to resist unholy torments (1 in 2 success).
Scrolls take you a little longer to read.


Message History

Unknown command.
You fade into invisibility!
You block the cacodemon's attack. The cacodemon misses you.
The Hell Sentinel completely misses you.
The Hell Sentinel hits you! The soul eater misses you.
The deep elf annihilator closely misses you.
You are very lightly contaminated with residual magic.
Unknown command.
Unknown command.
You fade further into invisibility.
Your reaper hits the soul eater with a +0 scythe of protection!
The cacodemon gestures at you.
Strange energies course through your body.
Your vision blurs.
The Hell Sentinel gestures at you. The iron shot hits you!
* * * LOW HITPOINT WARNING * * *
The smoke demon gestures at you. Something smites you!
You die...

#.. ### ###.#
..e# ##=# ###
....# ##?)#
....4# ##|.)#
.....3# ##.)).#
.....e2###)))..#
#...⌠3.)e..}).[#
##....##1.[$...#
##'###@33..$|.#
.) ##(e22."[:|#
$ #)}.=()|).##
###########


You could see a Hell Sentinel, a cacodemon, a deep elf annihilator, a soul
eater, a deep elf demonologist, a smoke demon and a friendly reaper.

Vanquished Creatures
  The ghost of Shaidar the Executioner, an adept MiBe of Trog (Elf:3)
  An Ice Fiend (IceCv)
  Rupert (Lair:3)
  3 deep elf blademasters
  Kirke (Lair:4)
  Frances (Spider:1)
  Gastronok (Lair:1)
  6 deep elf sorcerers (Elf:3)
  4 ghost moths (Spider:4)
  6 emperor scorpions
  4 deep elf elementalists (Elf:3)
  A stone giant (Orc:2)
  A minotaur (Gauntlet)
  2 spark wasps (Spider:4)
  The ghost of Fandomethor the Brawler, a journeyman TrMo of Kikubaaqudgha (Orc:2)
  8 deep elf annihilators
  An orange crystal statue (WizLab)
  6 dire elephants (Lair:6)
  The ghost of Wappailo the Zephyrmancer, a journeyman DrAE of Sif Muna (Lair:4)
  Snorg (D:13)
  A great orb of eyes (D:14)
  Josephine (Orc:2)
  An ogre mage (D:13)
  2 deep elf high priests (Elf:3)
  8 hydras
  A catoblepas (Lair:6)
  An anaconda (Lair:6)
  A death knight (D:14)
  6 two-headed ogres
  4 centaur warriors
  35 dancing weapons
  A tengu warrior (D:13)
  3 orc high priests
  A vampire mage (D:15)
  A sun demon (Abyss:4)
  A small abomination (Elf:3)
  15 deep elf knights
  A fire crab (D:14)
  3 skeletal warriors
  A flayed ghost (D:14)
  A deep troll (D:14)
  5 unseen horrors
  14 deep elf archers
  An orc knight (D:12)
  A necromancer (D:15)
  A harpy (shapeshifter) (Elf:2)
  8 orb spiders
  A tengu skeleton (D:15)
  4 ugly things
  3 orc sorcerers
  22 wolf spiders
  62 deep elf magi
  5 manticores
  5 moths of wrath
  7 cyclopes
  8 elephants (Lair:6)
  A fire giant skeleton (D:15)
  A gargoyle (D:12)
  A torpor snail (Spider:3)
  3 black mambas
  2 ice statues
  A smoke demon (Volcano)
  A spiny frog (shapeshifter) (Elf:3)
  10 spiny frogs
  3 rime drakes
  A redback zombie (D:15)
  4 anaconda simulacra (IceCv)
  7 centaur skeletons
  7 ice devils
  A komodo dragon (shapeshifter) (Elf:2)
  14 demonic crawlers
  6 freezing wraiths
  An efreet (D:13)
  16 komodo dragons
  2 tengu conjurers (D:14)
  A queen bee (Spider:3)
  22 jumping spiders
  A red devil (Volcano)
  3 meliai (Spider:3)
  A tyrant leech (Gauntlet)
  An elf skeleton (D:15)
  A wind drake (shapeshifter) (Elf:3)
  A jumping spider (shapeshifter) (Elf:3)
  9 trolls
  6 hornets
  A blink frog (shapeshifter) (Elf:3)
  14 blink frogs
  A polar bear (Lair:6)
  8 slime creatures
  18 hippogriffs
  5 dream sheep (Lair:6)
  A slime creature (shapeshifter) (Elf:3)
  A meliai zombie (D:15)
  75 redbacks
  5 shadows
  3 air elementals
  A redback (shapeshifter) (Elf:3)
  24 tarantellas
  A water elemental (Elf:1)
  6 wraiths
  5 fire elementals
  3 wyverns (D:15)
  A hungry ghost (D:12)
  2 spriggans (shapeshifter) (Elf:3)
  A spriggan (Lair:4)
  27 yaks
  3 hogs
  3 dire elephant simulacra (IceCv)
  A death yak simulacrum (IceCv)
  2 basilisks (D:15)
  5 wargs
  3 swamp worms (Gauntlet)
  3 harpy simulacra
  2 acid dragons
  7 hell hounds
  2 hydra simulacra (IceCv)
  9 water moccasins
  6 porcupines
  A floating eye (shapeshifter) (D:14)
  3 black bears
  5 sky beasts
  38 orc warriors
  3 ice beasts
  A meliai simulacrum (D:14)
  3 ettin simulacra (IceCv)
  6 phantoms
  2 necrophages
  2 eyes of draining
  12 ogres
  14 wolves
  15 crocodiles
  14 centaurs
  2 big kobolds
  15 bullfrogs
  A wyvern zombie (D:10)
  2 earth elementals
  A yaktaur skeleton (D:15)
  A wyvern skeleton (D:14)
  5 scorpions
  11 killer bees (Spider:3)
  2 elephant simulacra (IceCv)
  5 wights
  2 electric eels
  12 crimson imps
  A draconian simulacrum (IceCv)
  2 quasits (D:10)
  5 centaur zombies
  3 jellies
  24 orc wizards
  2 hounds
  A bullfrog zombie (Ossuary)
  4 bullfrog skeletons
  16 orc priests
  2 iguanas
  5 troll simulacra (IceCv)
  10 worker ants
  A polar bear simulacrum (IceCv)
  2 killer bee zombies (Ossuary)
  A wolf simulacrum (IceCv)
  A centaur simulacrum (IceCv)
  6 hound zombies
  7 mummies (Ossuary)
  A hound skeleton (D:7)
  2 worker ant zombies (Ossuary)
  9 adders
  2 naga simulacra (IceCv)
  An ogre simulacrum (IceCv)
  6 shadow imps
  5 white imps
  7 ufetubi (IceCv)
  An adder skeleton (D:10)
  6 adder zombies (Ossuary)
  4 worms
  A dart slug (D:1)
  5 leopard geckos
  105 orcs
  7 giant cockroaches
  11 goblins
  6 hobgoblins
  4 jackals
  16 kobolds
  5 quokkas
  A ball python (D:3)
  5 bats
  10 frilled lizards
  A jackal zombie (Ossuary)
  2 quokka zombies (Ossuary)
  12 rats
  A crawling corpse (Elf:3)
  A fungus (Lair:3)
  5 plants (Lair:6)
1177 creatures vanquished.

Vanquished Creatures (collateral kills)
  Arachne (Spider:2)
  Agnes (Spider:3)
  Roxanne (Spider:3)
  A stone giant (D:14)
  Nessos (D:15)
  Azrael (D:15)
  A deep elf demonologist (Elf:3)
  3 deep elf annihilators (Elf:3)
  2 deep elf death magi (Elf:3)
  3 hydras
  A centaur warrior (D:14)
  A tengu warrior (D:13)
  A two-headed ogre (D:9)
  Sonja (Lair:4)
  3 deep elf knights
  An unseen horror (shapeshifter) (Elf:3)
  An unseen horror (D:14)
  A deep elf archer (Elf:2)
  Pikel (D:9)
  An orc knight (Orc:2)
  2 orb spiders
  3 ugly things (D:15)
  3 wolf spiders
  A deep elf mage (Elf:1)
  A centaur zombie (D:11)
  A guardian serpent (shapeshifter) (Elf:3)
  Psyche (D:8)
  A rime drake (D:15)
  2 centaur skeletons
  3 jumping spiders
  A polar bear (Lair:4)
  A troll (D:14)
  2 hornets
  2 slime creatures (D:13)
  A meliai zombie (D:14)
  A dream sheep (Lair:6)
  6 hippogriffs
  5 blink frogs
  2 redbacks (Spider:3)
  A hog (Lair:4)
  3 wyverns
  7 yaks
  A tarantella (Spider:2)
  A water elemental (Elf:1)
  A vampire mosquito (D:14)
  3 basilisks (D:15)
  A harpy simulacrum (IceCv)
  A swamp worm (Gauntlet)
  An acid dragon (D:14)
  A slave (D:9)
  3 orc warriors
  A sky beast (D:8)
  A black bear (Lair:4)
  3 ogres
  3 centaurs
  10 wolves (Lair:6)
  A crocodile (Lair:6)
  A centaur (shapeshifter) (D:14)
  A big kobold (D:9)
  7 bullfrogs
  A wyvern zombie (Ossuary)
  3 scorpions
  2 wights
  2 orc priests (D:6)
  2 hounds
  2 jellies
  3 orc wizards
  An iguana (D:6)
  5 mummies (Ossuary)
  A worker ant (D:14)
  A worker ant zombie (Ossuary)
  3 adders
  An adder zombie (Ossuary)
  A leopard gecko (D:11)
  9 orcs
  6 kobolds
  2 quokkas
  A jackal zombie (Ossuary)
  A quokka skeleton (D:9)
  A plant (Lair:6)
166 creatures vanquished.

Vanquished Creatures (others)
  Erolcha (D:9)
  A deep elf knight (Elf:2)
  An orb spider (Spider:4)
  An orc sorcerer (Elf:1)
  An air elemental (Elf:1)
  A slave (D:9)
  2 white imps (IceCv)
  7 orcs
  6 fungi
  34 plants
  2 withered plants
57 creatures vanquished.

Grand Total: 1400 creatures vanquished

Notes
Turn   | Place    | Note
-------+----------+-------------------------------------------
     0 | D:1      | Morbidden the Demonspawn Gladiator began the quest for the
                  | Orb.
     0 | D:1      | Reached XP level 1. HP: 16/16 MP: 1/1
    53 | D:1      | Gained mutation: A weak demonic guardian rushes to your
                  | aid. [demonic ancestry]
    53 | D:1      | Reached XP level 2. HP: 19/22 MP: 2/2
   647 | D:1      | Gained mutation: You are partially covered in rugged brown
                  | scales. (AC +1, +3% HP) [demonic ancestry]
   647 | D:1      | Reached XP level 3. HP: 23/28 MP: 3/3
   683 | D:1      | Found a shimmering altar of Xom.
  1042 | D:2      | Found a sparkling altar of Nemelex Xobeh.
  1057 | D:2      | Reached skill level 1 in Short Blades
  1057 | D:2      | Gained mutation: You are mostly covered in rugged brown
                  | scales. (AC +2, +5% HP) [demonic ancestry]
  1057 | D:2      | Reached XP level 4. HP: 12/35 MP: 4/4
  1417 | D:2      | Reached skill level 1 in Armour
  1735 | D:3      | Found a bloodstained altar of Trog.
  2053 | D:3      | Reached XP level 5. HP: 42/42 MP: 5/5
  2470 | D:4      | Reached skill level 3 in Fighting
  2755 | D:4      | Noticed a phantom
  2806 | D:4      | Killed a phantom
  2806 | D:4      | Gained mutation: A demonic guardian rushes to your aid.
                  | [demonic ancestry]
  2806 | D:4      | Reached XP level 6. HP: 12/49 MP: 6/6
  2823 | D:4      | Got a coiled wooden ring
  2889 | D:4      | Identified the ring of Equivalence {rPois rC- rN+ Dex+4}
                  | (You found it on level 4 of the Dungeon)
  3282 | D:5      | Entered Level 5 of the Dungeon
  3497 | D:5      | Reached skill level 1 in Stealth
  3941 | D:6      | Found Xiorru's Assorted Antiques.
  3949 | D:6      | Bought a glowing black potion for 21 gold pieces
  3949 | D:6      | Bought an orange potion for 21 gold pieces
  3949 | D:6      | Bought a fuming silvery potion for 21 gold pieces
  3949 | D:6      | Bought an inky potion for 21 gold pieces
  4025 | D:6      | Found a staircase to the Ecumenical Temple.
  4160 | D:6      | Noticed an orc warrior
  4165 | D:6      | Gained mutation: You have large cloven feet. [demonic
                  | ancestry]
  4165 | D:6      | Reached XP level 7. HP: 55/55 MP: 7/7
  4170 | D:6      | Reached skill level 4 in Fighting
  4205 | D:6      | Found a sand-covered staircase.
  4215 | Ossuary  | Entered an ossuary
  4407 | Ossuary  | Reached skill level 5 in Fighting
  4477 | Ossuary  | Reached XP level 8. HP: 25/65 MP: 8/8
  4514 | Ossuary  | Reached skill level 1 in Evocations
  5000 | D:6      | Reached skill level 12 in Fighting
  5000 | D:6      | Reached XP level 9. HP: 88/88 MP: 9/9
  5210 | D:7      | Found a sparkling altar of Nemelex Xobeh.
  5243 | D:7      | Reached skill level 5 in Short Blades
  5319 | Temple   | Entered the Ecumenical Temple
  5596 | Temple   | Became a worshipper of Cheibriados the Contemplative
  5670 | D:7      | Reached skill level 13 in Fighting
  5768 | D:7      | You fall through a shaft for 2 floors!
  5779 | D:9      | Reached skill level 1 in Invocations
  5786 | D:9      | Noticed Pikel
  5799 | D:9      | Noticed a two-headed ogre
  5810 | D:9      | Killed Pikel
  5810 | D:9      | Reached * piety under Cheibriados
  5819 | D:9      | Killed a two-headed ogre
  5838 | D:9      | Noticed a two-headed ogre
  5845 | D:9      | Noticed Erolcha
  5845 | D:9      | Killed a two-headed ogre
  5845 | D:9      | Gained mutation: You have hoof-like feet. [demonic
                  | ancestry]
  5845 | D:9      | Reached XP level 10. HP: 13/96 MP: 10/12
  5850 | D:9      | Killed Erolcha
  6305 | D:9      | Reached skill level 5 in Dodging
  6448 | D:9      | Reached ** piety under Cheibriados
  6897 | D:8      | Got a steaming chain mail
  6899 | D:8      | Identified the +4 chain mail "Kecithont" {rC- Str+7} (You
                  | found it on level 8 of the Dungeon)
  6971 | D:8      | Noticed Psyche
  6979 | D:8      | Killed Psyche
  7207 | D:8      | Reached *** piety under Cheibriados
  7213 | D:8      | Found the +4 moon troll leather armour {Spirit, Regen++
                  | MP+5}
  7634 | D:8      | Reached skill level 5 in Invocations
  8262 | D:7      | Reached **** piety under Cheibriados
  8297 | D:7      | Reached skill level 1 in Spellcasting
  8565 | D:10     | Entered Level 10 of the Dungeon
  8594 | D:10     | Gained mutation: You have hooves in place of feet. [demonic
                  | ancestry]
  8594 | D:10     | Reached XP level 11. HP: 102/102 MP: 14/14
  9008 | D:10     | Noticed an unseen horror
  9017 | D:10     | Found Soery's Weapon Shoppe.
  9026 | D:10     | Killed an unseen horror
  9089 | D:10     | Reached ***** piety under Cheibriados
  9274 | D:11     | Found a staircase to the Lair.
  9540 | D:11     | Noticed a deep elf mage
  9541 | D:11     | Noticed an unseen horror
  9549 | D:11     | Killed a deep elf mage
  9559 | D:11     | Killed an unseen horror
  9730 | D:11     | Noticed a cyan ugly thing
  9748 | D:11     | Killed a cyan ugly thing
  9804 | Lair:1   | Entered Level 1 of the Lair of Beasts
  9804 | Lair:1   | Found a gate leading to a gauntlet.
  9812 | Gauntlet | Entered a Gauntlet
  9812 | Gauntlet | Found a transporter.
  9818 | Gauntlet | Found a runed translucent door.
  9822 | Gauntlet | Found a transporter.
  9830 | Gauntlet | Found a transporter.
  9832 | Gauntlet | Found a transporter.
  9841 | Gauntlet | Found a transporter.
  9857 | Gauntlet | Found a transporter.
  9867 | Gauntlet | Found a transporter.
  9876 | Gauntlet | Found a runed translucent door.
  9877 | Gauntlet | Found a transporter.
  9877 | Gauntlet | Found a runed translucent door.
  9880 | Gauntlet | Noticed a reaper
  9889 | Gauntlet | Found a transporter.
  9889 | Gauntlet | Found a transporter.
  9903 | Gauntlet | Found a transporter.
  9913 | Gauntlet | Found a transporter.
  9914 | Gauntlet | Found a transporter.
  9914 | Gauntlet | Noticed a soul eater
  9972 | Gauntlet | Found a transporter.
 10435 | Gauntlet | Got a warped amber ring
 10437 | Gauntlet | Identified the ring "Poosmeavas" {+Inv AC+2 Str+4 Dex+2}
                  | (You found it in a Gauntlet)
 10451 | Gauntlet | Was placed under penance by Cheibriados
 10463 | Gauntlet | Got a vibrating jade amulet
 10465 | Gauntlet | Identified the amulet of the Raven {Spirit rPois MR+ Dex+6}
                  | (You found it in a Gauntlet)
 10475 | Gauntlet | Reached skill level 14 in Fighting
 10482 | Gauntlet | Was forgiven by Cheibriados
 10498 | Gauntlet | Noticed a minotaur
 10507 | Gauntlet | Killed a minotaur
 10507 | Gauntlet | Gained mutation: You are completely covered in rugged brown
                  | scales. (AC +3, +7% HP) [demonic ancestry]
 10507 | Gauntlet | Reached XP level 12. HP: 70/114 MP: 13/17
 10613 | Lair:1   | You fall through a shaft!
 10620 | Lair:2   | Noticed a seven-headed hydra
 10627 | Lair:2   | Killed a seven-headed hydra
 10953 | Lair:1   | Noticed Gastronok
 10964 | Lair:1   | Killed Gastronok
 10964 | Lair:1   | Reached skill level 5 in Stealth
 11336 | Lair:3   | Found a staircase to the Shoals.
 11535 | Lair:3   | Noticed Rupert
 11553 | Lair:3   | Killed Rupert
 12066 | Lair:2   | Found a hole to the Spider Nest.
 12101 | Lair:2   | Reached ****** piety under Cheibriados
 12735 | Lair:4   | Reached XP level 13. HP: 95/121 MP: 18/20
 12739 | Lair:4   | Reached skill level 5 in Spellcasting
 12853 | Lair:4   | Noticed Kirke
 12978 | Lair:4   | Found a transporter.
 13012 | Lair:4   | Reached skill level 5 in Armour
 13166 | Lair:4   | Noticed Sonja
 13180 | Lair:4   | Killed Sonja
 13212 | Lair:4   | Killed Kirke
 13363 | Lair:4   | Found a transporter.
 13364 | Lair:4   | Noticed Wappailo's ghost (journeyman DrAE)
 13634 | Lair:4   | Killed Wappailo's ghost
 14070 | Lair:5   | Reached skill level 15 in Fighting
 14086 | Lair:5   | Got a bloodstained great mace
 14088 | Lair:5   | Identified the +8 great mace of Melee {freeze, Str+3 Dex+4}
                  | (You found it on level 5 of the Lair of Beasts)
 14146 | Lair:5   | Reached skill level 10 in Invocations
 14490 | Lair:6   | Entered Level 6 of the Lair of Beasts
 15144 | Lair:6   | Got a bloodstained buckler
 15145 | Lair:6   | Identified the cursed +0 buckler of Xivegry {rF++ rC-
                  | Int+6} (You found it on level 6 of the Lair of Beasts)
 15163 | Lair:6   | Gained mutation: You resist negative energy. (rN+) [demonic
                  | ancestry]
 15163 | Lair:6   | Reached XP level 14. HP: 117/131 MP: 23/23
 15407 | Lair:6   | Found a runed door.
 15407 | Lair:6   | Found a viscous altar of Jiyva.
 15408 | Lair:6   | Noticed an acid blob
 15411 | Lair:6   | Found a staircase to the Slime Pits.
 16515 | Lair:6   | Found a runed door.
 16516 | Lair:6   | Found a viscous altar of Jiyva.
 16518 | Lair:6   | Found a staircase to the Slime Pits.
 17551 | D:12     | Found a staircase to the Orcish Mines.
 17864 | D:12     | Found Beleuxet's Distillery.
 17867 | D:12     | Bought a potion of heal wounds for 55 gold pieces
 18100 | D:13     | Noticed Snorg
 18110 | D:13     | Killed Snorg
 18292 | D:13     | Reached skill level 1 in Shields
 18302 | D:13     | Found a gate to the Vaults.
 18439 | D:14     | Reached skill level 10 in Short Blades
 18495 | D:14     | Gained mutation: A powerful demonic guardian rushes to your
                  | aid. [demonic ancestry]
 18495 | D:14     | Reached XP level 15. HP: 139/139 MP: 26/26
 18535 | D:14     | Paralysed by a floating eye for 2 turns
 18576 | D:14     | Found the +7 Kryia's mail coat {PotionHeal*2 rC+}
 18647 | D:14     | Found the +8 arc blade {discharge, rElec}
 18987 | D:14     | Got a heavily runed cloak
 18998 | D:14     | Identified the +0 cloak "Lieklia" {rPois MR+++ Regen+
                  | Dex-2} (You found it on level 14 of the Dungeon)
 19616 | D:15     | Entered Level 15 of the Dungeon
 19702 | D:15     | Found a staircase to the Depths.
 19871 | D:15     | Noticed Azrael
 19887 | D:15     | Killed Azrael
 20283 | D:15     | Noticed Nessos
 20294 | D:15     | Killed Nessos
 20660 | Orc:1    | Entered Level 1 of the Orcish Mines
 20971 | Orc:1    | Found Dumaeck's Jewellery Emporium.
 21135 | Orc:2    | Entered Level 2 of the Orcish Mines
 21171 | Orc:2    | Found a runed gate.
 21171 | Orc:2    | Found a runed gate.
 21205 | Orc:2    | Found a dark tunnel.
 21220 | Volcano  | Entered a volcano
 21450 | Orc:2    | Noticed Fandomethor's ghost (journeyman TrMo)
 21452 | Orc:2    | Found a runed gate.
 21471 | Orc:2    | Killed Fandomethor's ghost
 21503 | Orc:2    | Reached skill level 5 in Shields
 21506 | Orc:2    | Noticed Josephine
 21520 | Orc:2    | Killed Josephine
 21533 | Orc:2    | Gained mutation: Your flesh is heat resistant. (rF+)
                  | [demonic ancestry]
 21533 | Orc:2    | Reached XP level 16. HP: 111/147 MP: 23/28
 21629 | Orc:2    | Found a staircase to the Elven Halls.
 21630 | Orc:2    | Found Ablokave's Weapon Emporium.
 21908 | Orc:2    | Found a roughly hewn altar of Beogh.
 21979 | Orc:2    | Found Seefemuv's Armour Shoppe.
 21979 | Orc:2    | Found Eriujor's Antique Weapon Shop.
 21981 | Orc:2    | Found Bel Utautz's Book Boutique.
 21983 | Orc:2    | Found Jakh's Gadget Emporium.
 22161 | Spider:1 | Entered Level 1 of the Spider Nest
 22183 | Spider:1 | Found a frozen archway.
 22194 | IceCv    | Entered an ice cave
 22780 | IceCv    | Noticed an Ice Fiend
 22978 | IceCv    | Killed an Ice Fiend
 23493 | Spider:1 | Noticed Frances
 23513 | Spider:1 | Killed Frances
 23724 | Spider:2 | Noticed Arachne
 23728 | Spider:2 | Reached skill level 10 in Dodging
 23746 | Spider:2 | Killed Arachne
 23746 | Spider:2 | Reached skill level 10 in Spellcasting
 24611 | Spider:3 | Reached skill level 16 in Fighting
 24639 | Spider:3 | Noticed Agnes
 24645 | Spider:3 | Killed Agnes
 24899 | Spider:3 | Noticed Roxanne
 24905 | Spider:3 | Killed Roxanne
 25223 | Spider:3 | Gained mutation: You are somewhat able to resist unholy
                  | torments (1 in 2 success). [demonic ancestry]
 25223 | Spider:3 | Reached XP level 17. HP: 154/154 MP: 31/31
 25379 | Spider:4 | Entered Level 4 of the Spider Nest
 26131 | Spider:4 | Got a gossamer rune of Zot
 26489 | Elf:1    | Entered Level 1 of the Elven Halls
 26529 | Elf:1    | Found a flickering gateway to a bazaar.
 26542 | Bazaar   | Entered a bazaar
 26559 | Bazaar   | Found Miggaus's Weapon Emporium.
 26574 | Bazaar   | Found Doush's Magic Scroll Emporium.
 26578 | Bazaar   | Bought a scroll of enchant armour for 82 gold pieces
 26578 | Bazaar   | Bought a scroll of teleportation for 33 gold pieces
 26578 | Bazaar   | Bought a scroll of teleportation for 33 gold pieces
 26578 | Bazaar   | Bought a scroll of teleportation for 33 gold pieces
 26615 | Elf:1    | Identified the cursed +0 great sword of Honour {protect,
                  | *Noise rElec rC+++}
 26647 | Elf:1    | Found a magical portal.
 26663 | WizLab   | Entered Wucad Mu's Monastery
 27458 | WizLab   | Found the +9 staff of Wucad Mu {channel}
 27523 | WizLab   | Reached XP level 18. HP: 161/161 MP: 24/33
 27860 | Elf:1    | Reached skill level 10 in Shields
 28451 | Elf:2    | Cast into level 4 of the Abyss (+1 war axe of distortion)
 28452 | Abyss:4  | Found a corrupted altar of Lugonu.
 28485 | Elf:2    | Escaped the Abyss
 28816 | Elf:2    | Found a runed door.
 28819 | Elf:2    | Reached XP level 19. HP: 167/167 MP: 35/35
 28841 | Elf:2    | Found a runed door.
 29284 | Elf:2    | Reached skill level 10 in Stealth
 29559 | Elf:3    | Entered Level 3 of the Elven Halls
 29578 | Elf:3    | Found a transporter.
 29581 | Elf:3    | Found Ygrunt's Gadget Emporium.
 29619 | Elf:3    | Found a transporter.
 29972 | Elf:3    | Found a deep blue altar of Sif Muna.
 30045 | Elf:3    | Noticed Shaidar's ghost (adept MiBe)
 30158 | Elf:3    | Killed Shaidar's ghost
 30168 | Elf:3    | Got a crude pewter ring
 30169 | Elf:3    | Identified the ring "Liodghor" {+Fly rElec rF+ EV+3} (You
                  | found it on level 3 of the Elven Halls)
 30458 | Elf:3    | Found the +3 pair of gauntlets of War {Slay+5}
 30469 | Elf:3    | Identified the ring of the Griffon {rElec Str-3 Dex+5
                  | Slay+5}
 30598 | Elf:3    | Identified the ring "Loyghof" {*Drain MP+9 Dex+4 Slay+1}
                  | (You found it on level 3 of the Elven Halls)
 30600 | Elf:3    | Identified the ring of Repon {Int+3 Dex+2} (You found it on
                  | level 3 of the Elven Halls)
 30654 | Elf:3    | Gained mutation: Scrolls take you a little longer to read.
                  | [a cacodemon]
 30654 | Elf:3    | HP: 5/170 [Hell Sentinel/iron shot[a deep elf demonologist]
                  | (48)]
 30654 | Elf:3    | Killed from afar by a smoke demon

Vault maps used:
D:1:      minmay_arrival_four_circles, st_stairs_8, xom_teletrap_fun
D:2:      overflow_temple_1_default
D:3:      first_ration, minmay_door_square, trog_butcher_becter
D:6:      minmay_temple_entry_glassed_door, serial_shops, nicolae_shop_trees,
          nicolae_ossuary_entry_plus, palyth_stone_intersect
D:7:      grunt_ogre_cave, nemelex_spade_bored_becter
D:8:      uniq_psyche
D:9:      minmay_increasing_density, uniq_erolcha, uniq_pikel
D:10:     serial_shops, shop, chequers_decorated_corner, minmay_misc_feat_tower
D:11:     lair_entry_dummy
D:12:     david_orc_4, serial_shops, nicolae_shop_behind_doors
D:13:     david_vaults_2, uniq_snorg
D:14:     minmay_the_grid_square_5x5_5x5_mashed, chequers_jeans, minmay_holes
D:15:     gammafunk_depths_entry_grave, special_room, minmay_strange_pillars,
          hangedman_weighted_door, roderic_lattice_a, minmay_misc_feat_tiny,
          minmay_misc_feat_columns, uniq_nessos, uniq_azrael
Temple:   nicolae_temple_the_god_donut
Lair:1:   gauntlet_entry_generic, uniq_gastronok
Lair:2:   nicolae_spider_entry_non_spiders, beast_lair_carwin_5
Lair:3:   minmay_shoals_entry_beasts, st_stairs_4, uniq_rupert
Lair:4:   gammafunk_ghost_berserking_beasts, st_stairs_9, serial_bayou_pond_d,
          grunt_forest_stairs_clearing, grunt_megastairs_5,
          infiniplex_staircase_pool, uniq_kirke, uniq_sonja
Lair:5:   beast_lair_carwin_10
Lair:6:   due_jungle_book, slime_altar_2, grunt_megastairs_2
Spider:1: portal_ice_cave_entry_frozen_things, uniq_frances
Spider:2: drop_trap, nicolae_spider_stair_cavern, uniq_arachne
Spider:3: nicolae_looking_at_the_future, uniq_agnes, uniq_roxanne
Spider:4: guppyfry_spider_rune
Orc:1:    serial_shops, shop
Orc:2:    st_orc_rangers, ebering_ghost_rock_garden, enter_volcano_3,
          serial_shops, nicolae_shop_trees, minmay_orc_temple_b, uniq_josephine
Elf:1:    minmay_elf_arrival_circle, serial_shops, freezing_bzr,
          mu_enter_wizlab_1, minivault_28
Elf:3:    minmay_elf_hall_x, serial_shops, shop,
          gammafunk_ghost_berserking_beasts, basic_altar, patterned_corridor
Abyss:4:  evilmike_abyss_rune_siren_acolytes
Bazaar:   bazaar_short_row
Ossuary:  ossuary_zaba_flooded
IceCv:    ice_cave_caverns_03
Volcano:  volcano_pools
WizLab:   wizlab_wucad
Gauntlet: minmay_gauntlet_77_tree

Skill      XL: |  1  2  3  4  5  6  7  8  9 10 11 12 13 14 15 16 17 18 19 |
---------------+----------------------------------------------------------+-----
Long Blades    | 3 4 |  4.8
Dodging        | 3 4 5 6 7 8 9 10 11 | 11.5
Short Blades   | 1 2 3 4 5 6 7 8 9 10 11 12 13 | 13.7
Armour         | 1 2 3 4 5 6 9 |  9.4
Fighting       | 3 5 12 13 14 15 16 | 16.5
Stealth        | 1 2 3 4 5 6 7 8 9 10 | 10.5
Evocations     | 1 2 3 |  3.0
Invocations    | 3 5 7 8 10 11 12 13 | 13.1
Spellcasting   | 1 3 4 6 7 8 10 11 12 13 | 13.6
Shields        | 1 5 8 9 10 12 | 12.8
Throwing       | |  1.9

Action                   |  1- 3 |  4- 6 |  7- 9 | 10-12 | 13-15 | 16-18 | 19-21 || total
-------------------------+-------+-------+-------+-------+-------+-------+-------++-------
Melee: Long sword        |    39 |       |       |       |       |       |       ||    39
       Dagger            |    77 |   262 |   298 |   893 |   300 |       |       ||  1830
       Kick              |       |       |   131 |   396 |   644 |   585 |   207 ||  1963
       Short sword       |       |       |       |       |   410 |       |       ||   410
       Unarmed           |       |       |       |       |     1 |       |       ||     1
       Rapier            |       |       |       |       |   295 |  1063 |   345 ||  1703
Invok: Bend Time         |       |       |       |     1 |       |     3 |     2 ||     6
       Temporal Distorti |       |       |       |       |     1 |       |       ||     1
       Step From Time    |       |       |       |       |       |       |     1 ||     1
 Abil: Evoke Invisibilit |       |       |       |       |     1 |       |     1 ||     2
Evoke: Wand              |       |       |     4 |     7 |    10 |    11 |     1 ||    33
       Lamp of fire      |       |       |       |       |       |     2 |     1 ||     3
       Phial of floods   |       |       |       |       |       |       |     1 ||     1
  Use: Potion            |       |     4 |     2 |     6 |     3 |     7 |     6 ||    28
       Scroll            |       |    11 |    10 |     8 |     9 |    16 |    13 ||    67
 Stab: Sleeping          |     2 |     3 |       |    16 |    22 |    24 |     9 ||    76
       Invisible         |       |     1 |       |       |     1 |       |     5 ||     7
       Distracted        |       |       |     1 |     4 |    14 |    22 |     3 ||    44
  Eat: Chunk             |       |    10 |     2 |    10 |    16 |     9 |     3 ||    50
       Ration            |       |       |     1 |     1 |     1 |     2 |       ||     5
Armor: Leather armour    |    39 |    51 |    62 |       |       |       |       ||   152
       Chain mail        |       |       |    24 |   107 |       |       |       ||   131
       Troll leather arm |       |       |       |   175 |   257 |   384 |    37 ||   853
       Skin              |       |       |       |       |       |     3 |       ||     3
Dodge: Dodged            |    97 |   128 |   186 |   696 |   968 |  1087 |   149 ||  3311
Block: Other             |       |       |     3 |    38 |       |       |       ||    41
       Shield            |       |       |       |       |   319 |  1222 |   244 ||  1785
       Rpst.: Long sword |     9 |       |       |       |       |       |       ||     9

Table legend:
 A = Non-vault XP
 B = Vault XP
 C = Vault XP percentage of total XP
 D = Non-vault monster count
 E = Vault monster count
 F = Vault count percentage of total count
                 A         B        C        D         E       F
            +---------+---------+-------+---------+---------+-------
      Total |  199161 |  187845 |  48.5 |     834 |     504 |  37.7
            +---------+---------+-------+---------+---------+-------
        D:1 |      40 |       3 |   7.0 |      24 |       2 |   7.7
        D:2 |      83 |       0 |   0.0 |      23 |       0 |   0.0
        D:3 |      86 |       6 |   6.5 |      22 |       4 |  15.4
        D:4 |     177 |       0 |   0.0 |       8 |       0 |   0.0
        D:5 |     211 |       0 |   0.0 |      13 |       0 |   0.0
        D:6 |     494 |       0 |   0.0 |      17 |       0 |   0.0
        D:7 |     910 |     118 |  11.5 |      22 |       1 |   4.3
        D:8 |    2153 |     258 |  10.7 |      40 |       1 |   2.4
        D:9 |    2363 |    1758 |  42.7 |      27 |       8 |  22.9
       D:10 |    2539 |       0 |   0.0 |      32 |       0 |   0.0
       D:11 |    5751 |       0 |   0.0 |      38 |       0 |   0.0
       D:12 |    9071 |     568 |   5.9 |      52 |      16 |  23.5
       D:13 |    4193 |    3379 |  44.6 |      20 |       4 |  16.7
       D:14 |    5896 |   15622 |  72.6 |      18 |      48 |  72.7
       D:15 |    8363 |   13211 |  61.2 |      23 |      40 |  63.5
     Lair:1 |    2379 |    2213 |  48.2 |      13 |       1 |   7.1
     Lair:2 |    3199 |    1532 |  32.4 |      13 |      14 |  51.9
     Lair:3 |    4041 |    2985 |  42.5 |      20 |       5 |  20.0
     Lair:4 |    5545 |    6266 |  53.1 |      21 |      20 |  48.8
     Lair:5 |    2985 |    2465 |  45.2 |       8 |       9 |  52.9
     Lair:6 |   19896 |    3578 |  15.2 |      54 |      13 |  19.4
   Spider:1 |    6307 |    2936 |  31.8 |      22 |       3 |  12.0
   Spider:2 |   11065 |    3259 |  22.8 |      30 |       1 |   3.2
   Spider:3 |   21034 |    3937 |  15.8 |      74 |      17 |  18.7
   Spider:4 |   10058 |   23581 |  70.1 |      30 |      38 |  55.9
      Orc:1 |    3673 |       0 |   0.0 |      32 |       0 |   0.0
      Orc:2 |    5382 |    9088 |  62.8 |      37 |      65 |  63.7
      Elf:1 |   17707 |    9331 |  34.5 |      32 |      16 |  33.3
      Elf:2 |   24090 |   26338 |  52.2 |      38 |      32 |  45.7
      Elf:3 |   18651 |   38496 |  67.4 |      30 |      39 |  56.5
    Abyss:4 |     819 |       0 |   0.0 |       1 |       0 |   0.0
    Ossuary |       0 |     655 | 100.0 |       0 |      37 | 100.0
      IceCv |       0 |    9670 | 100.0 |       0 |      50 | 100.0
    Volcano |       0 |    2223 | 100.0 |       0 |       7 | 100.0
     WizLab |       0 |    1200 | 100.0 |       0 |       1 | 100.0
   Gauntlet |       0 |    3169 | 100.0 |       0 |      12 | 100.0
            +---------+---------+-------+---------+---------+-------
